 Dungeon Crawl Stone Soup version 0.20.1-1-g8b1a95d (webtiles) character file.

5964 Gargoyl the Protected (level 10, -1/86 HPs)
             Began as a Minotaur Abyssal Knight on Aug 15, 2017.
             Was a High Priest of Lugonu.
             Killed by divine providence
             ... invoked by an orc priest
              (14 damage)
             ... on level 8 of the Dungeon.
             The game lasted 00:18:18 (9818 turns).

Gargoyl the Protected (Minotaur Abyssal Knight)     Turns: 9818, Time: 00:18:20

Health: -1/86      AC: 16    Str: 18    XL:     10   Next: 54%
Magic:  14/14      EV:  5    Int:  5    God:    Lugonu [*****.]
Gold:   532        SH:  7    Dex: 15    Spells: 9/9 levels left

rFire    . . .     SeeInvis .   d - +0 war axe
rCold    . . .     Gourm    .   y - +0 shield
rNeg     . . .     Faith    .   v - +0 plate armour
rPois    +         Spirit   .   (helmet restricted)
rElec    .         Reflect  .   p - +2 cloak
rCorr    .         Harm     .   (no gloves)
MR       +....     Clarity  +   (no boots)
Stlth    ..........             (no amulet)
Regen    0.3/turn               t - +3 ring of dexterity
MPRegen  0.2/turn               o - ring of poison resistance

@: no status effects
A: retaliatory headbutt, horns 2, talons 1, yellow scales 1, clarity, deformed
body, dopey 2, magic resistance 1, shaggy fur 1, MP-powered wands
a: Depart the Abyss, Bend Space, Banish, Corrupt, Enter the Abyss, Renounce
Religion


You were on level 8 of the Dungeon.
You worshipped Lugonu.
Lugonu was extremely pleased with you.
You were hungry.

You visited 1 branch of the dungeon, and saw 8 of its levels.
You visited the Abyss 1 time.

You collected 532 gold pieces.

Inventory:

Hand Weapons
 a - a +2 hand axe
 d - a +0 war axe (weapon)
Armour
 p - a +2 cloak (worn)
 v - a +0 plate armour (worn)
 y - a +0 shield (worn)
Jewellery
 o - a ring of poison resistance (right hand)
 t - a +3 ring of dexterity (left hand)
Wands
 b - a wand of iceblast (6/15)
 f - a wand of disintegration (14/24)
 q - a wand of random effects (21/48)
 u - a wand of flame (23/48)
 w - a wand of confusion (34/48)
 D - a wand of paralysis (9/24)
Scrolls
 e - 3 scrolls of teleportation
 i - 3 scrolls of magic mapping
 j - a scroll of fear
 k - 2 scrolls of identify
 l - a scroll of blinking
 s - 2 scrolls of remove curse
Potions
 r - 2 potions of curing
 x - 2 potions of degeneration
 B - 2 potions of ambrosia {unknown}
Books
 n - a book of Misfortune

   Spells                             Type                      Level
   a - Confusing Touch                Hexes                        1
   b - Confuse                        Hexes                        3
   c - Gell's Gravitas                Translocation                3
   d - Petrify                        Transmutation/Earth          4
   e - Metabolic Englaciation         Hexes/Ice                    5
   f - Yara's Violent Unravelling     Hexes/Transmutation          5
 z - a book of Enchantments

   Spells                             Type                      Level
   a - Cause Fear                     Hexes                        4
   b - Yara's Violent Unravelling     Hexes/Transmutation          5
   c - Silence                        Hexes/Air                    5
   d - Deflect Missiles               Charms/Air                   6
   e - Discord                        Hexes                        8
Comestibles
 c - 7 bread rations
 g - 3 meat rations
 h - 10 fruits
 m - 14 royal jellies


   Skills:
 + Level 7.6 Fighting
 + Level 9.7 Axes
 * Level 11.9 Armour
 + Level 4.0 Dodging
 * Level 7.0 Invocations
 + Level 0.6 Evocations


You had 9 spell levels left.
You didn't know any spells.

Dungeon Overview and Level Annotations

Branches:
Dungeon (8/15)             Temple (0/1) D:5
   Lair: D:8-11

Altars:

Shops:
D:7 %


Innate Abilities, Weirdness & Mutations

You reflexively headbutt those who attack you in melee.
You have a pair of horns on your head.
You have sharp toenails.
You are partially covered in yellow scales. (AC +2)
You possess an exceptional clarity of mind.
Armour fits poorly on your strangely shaped body.
You are very dopey. (Int -4)
You are resistant to hostile enchantments. (MR+)
You are covered in fur. (AC +1)
You expend magic power (3 MP) to strengthen your wands.


Message History

The hornet is moderately wounded.
The hornet stings you but does no damage.
The orc warrior hits you from afar with a halberd.
The orc warrior hits you from afar with a glaive!!
* * * LOW HITPOINT WARNING * * *
Unknown command.
You slash the hornet!
The hornet is severely wounded.
The hornet stings you!
* * * LOW HITPOINT WARNING * * *
The hornet stings you but does no damage.
The orc warrior hits you from afar with a halberd!
* * * LOW HITPOINT WARNING * * *
You feel much better.
The hornet stings you but does no damage.
The orc warrior hits you from afar with a glaive!
* * * LOW HITPOINT WARNING * * *
The orc priest invokes the aid of Beogh against you.
Beogh smites you!
You die...

#### ### ...### ... .
##.<.## ...... ####..#####
###......
.####...(.######... ....
..####........##.# .....
.......#####....y#oo....
#.(.#### ##.(.@)oo....
###.#### #...####..##
#....# #...# ####.####
##### #....## ####..# #
##.# .# ######.######.#
...........#...###########


You could see a hornet, 2 orc warriors, an orc priest and an orc wizard.

Vanquished Creatures
  Maurice (D:8)
  A hippogriff (D:5)
  Sigmund (D:2)
  3 orc warriors
  4 sky beasts
  2 ice beasts
  2 black bears (D:6)
  5 phantoms
  A necrophage (D:6)
  4 ogres
  5 centaurs
  A big kobold (D:7)
  4 bullfrogs
  2 scorpions
  6 killer bees (D:8)
  7 wights (D:7)
  A howler monkey (D:7)
  3 crimson imps
  9 orc wizards
  A bullfrog zombie (D:7)
  7 jellies
  8 orc priests
  5 hounds
  Ijyb (D:4)
  An iguana (D:5)
  5 worker ants
  A hound skeleton (D:8)
  A hound zombie (D:7)
  3 mummies (D:7)
  A howler monkey zombie (D:4)
  7 gnolls (D:3)
  8 adders
  2 shadow imps
  5 oozes (D:8)
  3 adder skeletons
  An adder zombie (D:7)
  4 worms
  4 dart slugs
  5 leopard geckos
  41 orcs
  4 giant cockroaches
  4 goblins
  7 hobgoblins
  10 jackals
  13 kobolds
  6 bats
  9 frilled lizards
  A giant cockroach zombie (D:5)
  A leopard gecko skeleton (D:5)
  A quokka skeleton (D:4)
  3 rats
235 creatures vanquished.

Vanquished Creatures (others)
  The ghost of Timinator the Arsonist, a novice DrFE of Gozag (D:8)
  3 orcs (D:8)
  A withered plant (D:7)
5 creatures vanquished.

Grand Total: 240 creatures vanquished

Notes
Turn   | Place    | Note
-------+----------+-------------------------------------------
     0 | Abyss:1  | Gargoyl the Minotaur Abyssal Knight began the quest for the Orb.
     0 | Abyss:1  | Reached XP level 1. HP: 19/19 MP: 1/1
   146 | Abyss:1  | Noticed a vampire mage
   147 | Abyss:1  | Found a corrupted altar of Lugonu.
   176 | Abyss:1  | Noticed a small abomination
   180 | D:1      | Escaped the Abyss
   426 | D:1      | Reached skill level 3 in Armour
   428 | D:1      | Reached XP level 2. HP: 27/27 MP: 2/2
   433 | D:1      | Reached * piety under Lugonu
   898 | D:1      | Reached XP level 3. HP: 33/33 MP: 3/3
  1397 | D:2      | Noticed Sigmund
  1689 | D:2      | Reached ** piety under Lugonu
  1692 | D:2      | Reached XP level 4. HP: 40/40 MP: 4/4
  1896 | D:2      | Killed Sigmund
  1896 | D:2      | Reached skill level 4 in Armour
  1896 | D:2      | Reached XP level 5. HP: 47/47 MP: 6/6
  2109 | D:3      | Reached XP level 6. HP: 39/53 MP: 7/7
  2405 | D:3      | Reached skill level 5 in Armour
  3470 | D:4      | Reached skill level 5 in Axes
  3470 | D:4      | Reached XP level 7. HP: 60/60 MP: 8/8
  3531 | D:4      | Reached skill level 5 in Fighting
  3682 | D:4      | Noticed Ijyb
  3687 | D:4      | Killed Ijyb
  3752 | D:4      | Reached *** piety under Lugonu
  3794 | D:4      | Reached skill level 6 in Armour
  4025 | D:5      | Entered Level 5 of the Dungeon
  4171 | D:5      | Noticed a hippogriff
  4184 | D:5      | Gained mutation: You are partially covered in yellow scales. (AC +2) [potion of mutation]
  4184 | D:5      | Gained mutation: You possess an exceptional clarity of mind. [potion of mutation]
  4184 | D:5      | Gained mutation: You are dopey. (Int -2) [potion of mutation]
  4184 | D:5      | Gained mutation: You are covered in fur. (AC +1) [potion of mutation]
  4191 | D:5      | Killed a hippogriff
  4316 | D:5      | Reached XP level 8. HP: 36/69 MP: 10/10
  4478 | D:5      | Reached skill level 7 in Armour
  4636 | D:5      | Found a staircase to the Ecumenical Temple.
  5737 | D:6      | Reached skill level 8 in Armour
  5748 | D:6      | Gained mutation: You are very dopey. (Int -4) [mutagenic meat]
  5749 | D:6      | Lost mutation: You possess an exceptional clarity of mind. [mutagenic meat]
  5750 | D:6      | Gained mutation: You are agile. (Dex +2) [mutagenic meat]
  6151 | D:6      | Reached skill level 5 in Invocations
  6151 | D:6      | Reached XP level 9. HP: 60/75 MP: 11/11
  6272 | D:6      | Reached skill level 9 in Armour
  6282 | D:6      | Gained mutation: You possess an exceptional clarity of mind. [mutagenic meat]
  6283 | D:6      | Gained mutation: You are resistant to hostile enchantments. (MR+) [mutagenic meat]
  6338 | D:6      | Gained mutation: Scrolls take you a little longer to read. [mutagenic meat]
  6339 | D:6      | Gained mutation: You have sharp toenails. [mutagenic meat]
  6340 | D:6      | Gained mutation: Armour fits poorly on your strangely shaped body. [mutagenic meat]
  6341 | D:6      | Lost mutation: You are agile. (Dex +2) [mutagenic meat]
  6423 | D:6      | Reached **** piety under Lugonu
  7129 | D:7      | Reached skill level 10 in Armour
  7161 | D:6      | Lost mutation: Scrolls take you a little longer to read. [mutagenic meat]
  7162 | D:6      | Gained mutation: You expend magic power (3 MP) to strengthen your wands. [mutagenic meat]
  7205 | D:7      | Found Wonelaji's Food Emporium.
  8098 | D:7      | Reached ***** piety under Lugonu
  8230 | D:7      | Reached XP level 10. HP: 70/85 MP: 13/13
  8411 | D:8      | Reached skill level 11 in Armour
  8582 | D:8      | Noticed Maurice
  8612 | D:8      | Killed Maurice
  8701 | D:8      | Noticed Timinator's ghost (novice DrFE)
  8964 | D:8      | Banished Timinator's ghost
  9536 | D:8      | Paralysed by an orc for 5 turns
  9817 | D:8      | HP: 2/86 [orc warrior/halberd (8)]
  9818 | D:8      | Killed from afar by an orc priest

Skill      XL: |  1  2  3  4  5  6  7  8  9 10 |
---------------+-------------------------------+-----
Armour         | 3 4 5 6 8 10 11 | 11.9
Invocations    | 2 3 4 5 6 7 |  7.0
Fighting       | 4 5 6 7 |  7.6
Axes           | 3 4 5 7 9 |  9.7
Dodging        | 2 3 4 |  4.0
Evocations     | |  0.6

Action                   |  1- 3 |  4- 6 |  7- 9 | 10-12 || total
-------------------------+-------+-------+-------+-------++-------
Melee: Hand axe          |    79 |   102 |   475 |   158 ||   814
       Headbutt          |    11 |    19 |    99 |    55 ||   184
       Kick              |       |       |    72 |    65 ||   137
       War axe           |       |       |       |    50 ||    50
Invok: Depart the Abyss  |     1 |       |       |       ||     1
       Banish            |       |       |       |     3 ||     3
Evoke: Wand              |       |     2 |     1 |       ||     3
  Use: Scroll            |     7 |     3 |     4 |     2 ||    16
       Potion            |     4 |     1 |     3 |     2 ||    10
  Eat: Chunk             |     2 |     6 |    24 |     6 ||    38
       Bread ration      |       |       |     1 |       ||     1
Armor: Leather armour    |    11 |       |       |       ||    11
       Ring mail         |    26 |    39 |    43 |       ||   108
       Skin              |     8 |       |       |       ||     8
       Plate armour      |       |       |   234 |   152 ||   386
       Chain mail        |       |       |    18 |       ||    18
Dodge: Dodged            |    50 |    85 |   169 |    61 ||   365
Block: Shield            |       |       |       |    10 ||    10
